 Dungeon Crawl Stone Soup version 0.17-a0-2098-gf59d6bc (webtiles) character file.

6773 septik the Cleaver (level 10, -2/91 HPs)
             Began as a Minotaur Berserker on Oct 17, 2015.
             Was a High Priest of Trog.
             Slain by a komodo dragon (22 damage)
             ... on level 2 of the Lair of Beasts.
             The game lasted 00:32:36 (9283 turns).

septik the Cleaver (Minotaur Berserker)             Turns: 9283, Time: 00:32:37

Health: -2/91      AC: 14    Str: 25    XL:     10   Next: 76%
Magic:  9/9        EV: 10    Int:  4    God:    Trog [*****.]
Gold:   305        SH: 12    Dex: 15    Spells: 0 memorised, 9 levels left

rFire  + . .     SeeInvis .     h - +0 war axe
rCold  + . .     Clarity  .     H - +3 scale mail of Loibi {rC+ MR+ Str+2 Dex+3}
rNeg   . . .     SustAt   .     d - +0 large shield
rPois  +         Gourm    .     (helmet restricted)
rElec  .         Spirit   .     s - +2 cloak {rPois}
rCorr  .         Warding  .     (no gloves)
rMut   .         Stasis   .     (no boots)
MR     +....                    (no amulet)
Stlth  ..........               o - ring of poison resistance
                                y - ring of protection from fire

@: somewhat resistant to hostile enchantments, extremely unstealthy
A: retaliatory headbutt, horns 2
a: Burn Spellbooks, Berserk, Trog's Hand, Brothers in Arms, Renounce Religion


You were on level 2 of the Lair of Beasts.
You worshipped Trog.
Trog was extremely pleased with you.
You were not hungry.

You visited 2 branches of the dungeon, and saw 10 of its levels.

You collected 711 gold pieces.
You spent 406 gold pieces at shops.

Inventory:

Hand Weapons
 h - a +0 war axe (weapon)
 p - a +3 scythe of venom
 v - a +0 war axe
 x - a +0 whip of flaming
Missiles
 J - 3 tomahawks of returning (quivered)
Armour
 d - a +0 large shield (worn)
 s - a +2 cloak of poison resistance (worn)
 B - a +0 plate armour
 C - a +0 cloak
 H - the +3 scale mail of Loibi (worn) {rC+ MR+ Str+2 Dex+3}
   (You found it on level 7 of the Dungeon)

   It affects your strength (+2).
   It affects your dexterity (+3).
   It protects you from cold.
   It affects your resistance to hostile enchantments.
 K - a mottled dragon hide
Jewellery
 o - a ring of poison resistance (right hand)
 y - a ring of protection from fire (left hand)
 F - an uncursed ring of fire
 G - an uncursed ring of ice
Wands
 w - a wand of flame (43)
Scrolls
 a - a scroll of recharging
 g - 2 scrolls of teleportation
 k - a scroll of immolation {unknown}
 m - 11 scrolls of identify
 t - a scroll of fog
 L - a scroll of enchant weapon
 O - a scroll of fear {unknown}
Potions
 e - 3 potions of haste
 i - 2 potions of ambrosia {unknown}
 l - 2 potions of curing
 n - a potion of poison {unknown}
 q - 3 potions of magic {unknown}
 r - a potion of invisibility {unknown}
 u - a potion of agility {unknown}
 A - a potion of berserk rage {unknown}
 E - a potion of cure mutation {unknown}
 I - a potion of flight {unknown}
 M - a potion of heal wounds {unknown}
Miscellaneous
 N - an ornate deck of summoning
Comestibles
 c - 5 bread rations
 f - 3 beef jerkies
 j - 4 meat rations
 z - 17 fruits
 D - a royal jelly


   Skills:
 + Level 9.2 Fighting
 * Level 12.5 Axes
 - Level 2.8 Throwing
 + Level 9.1 Armour
 + Level 8.3 Dodging


You had 9 spell levels left.
You didn't know any spells.

Dungeon Overview and Level Annotations

Branches:
Dungeon (8/15)             Temple (0/1) D:7            Lair (2/8) D:8

Altars:
Cheibriados
Elyvilon
Fedhas
Gozag
Nemelex Xobeh
Sif Muna
Xom
The Shining One

Shops:
D:8 }=:[*


Innate Abilities, Weirdness & Mutations

You reflexively headbutt those who attack you in melee.
You have a pair of horns on your head.


Message History

The komodo dragon bites you!
You closely miss the komodo dragon.
The komodo dragon is moderately wounded.
The komodo dragon bites you!!
You hit the komodo dragon but do no damage.
You headbutt the komodo dragon, but do no damage.
The komodo dragon is moderately wounded.
You block the komodo dragon's attack.
You barely miss the komodo dragon.
The komodo dragon is moderately wounded.
The komodo dragon bites you!!
* * * LOW HITPOINT WARNING * * *
Use which ability?
You're too hungry to go berserk.
Eat which item? (? for menu, Esc to quit)
The komodo dragon bites you.
* * * LOW HITPOINT WARNING * * *
You continue eating.
The komodo dragon bites you!!
You die...

##P#P...P.PP......
..#P.................. .
#.#...................
..#.....................
....#...................
.....#.............<.♣.♣
.%..#................♣.♣
%%....l..........)...♣.♣
PP.%...@.............♣.♣
.%...................♣.♣
..%.#P...............♣.♣
.%. ##...............♣.♣
. .....(............♣.♣
§..................♣.♣
§§....#...............
§..........#..#.......
≈..........P..PP.P....


You could see a komodo dragon.

Vanquished Creatures
  Pikel (D:4)
  4 elephants (Lair:2)
  Joseph (Lair:1)
  A spiny frog (Lair:1)
  Grinder (D:4)
  A two-headed ogre (D:5)
  Sigmund (D:3)
  A mottled dragon (D:8)
  A porcupine (Lair:1)
  2 hippogriffs (Lair:1)
  A phantom (D:4)
  A necrophage (D:7)
  3 sky beasts
  A black bear (D:8)
  2 water moccasins
  4 slaves (D:4)
  An ogre (D:5)
  An ice beast (D:6)
  An orc warrior (D:7)
  2 crocodiles
  A centaur (D:8)
  Blork the orc (D:4)
  6 giant frogs
  A water moccasin skeleton (D:6)
  5 wights (D:8)
  2 crimson imps
  3 orc priests
  5 hounds
  6 iguanas
  A jelly (D:8)
  2 worker ants
  Terence (D:3)
  4 orc wizards
  Natasha (thrice) (D:3 D:4 D:7)
  Robin (D:4)
  8 adders
  4 gnolls (D:8)
  A shadow imp (D:5)
  6 worms
  6 giant geckos
  18 orcs
  A ball python (D:1)
  7 bats
  17 hobgoblins
  7 jackals
  4 quokkas
  5 giant cockroaches
  A giant cockroach zombie (D:5)
  A giant gecko skeleton (D:5)
  3 giant newts
  16 goblins
  8 kobolds
  8 rats
194 creatures vanquished.

Vanquished Creatures (collateral kills)
  A hydra (Lair:2)
1 creature vanquished.

Vanquished Creatures (others)
  A fungus (Lair:2)
  3 plants (Lair:2)
4 creatures vanquished.

Grand Total: 199 creatures vanquished

Notes
Turn   | Place    | Note
--------------------------------------------------------------
     0 | D:1      | septik the Minotaur Berserker began the quest for the Orb.
     0 | D:1      | Reached XP level 1. HP: 19/19 MP: 0/0
    44 | D:1      | Reached skill level 4 in Axes
    49 | D:1      | Reached XP level 2. HP: 24/27 MP: 1/1
   443 | D:1      | Reached ** piety under Trog
   551 | D:1      | Found a sparkling altar of Nemelex Xobeh.
   862 | D:2      | Reached XP level 3. HP: 33/33 MP: 2/2
  1776 | D:3      | Noticed Natasha
  1781 | D:3      | Killed Natasha
  1781 | D:3      | Reached XP level 4. HP: 31/40 MP: 3/3
  1840 | D:3      | Noticed Terence
  1850 | D:3      | Noticed a giant frog
  1858 | D:3      | Killed a giant frog
  1858 | D:3      | Reached skill level 5 in Axes
  1858 | D:3      | Reached XP level 5. HP: 28/47 MP: 4/4
  2159 | D:3      | Reached *** piety under Trog
  2612 | D:3      | Killed Terence
  2616 | D:3      | Found a deep blue altar of Sif Muna.
  2640 | D:3      | Noticed Sigmund
  2652 | D:3      | Killed Sigmund
  2652 | D:3      | Reached skill level 5 in Fighting
  2652 | D:3      | Reached skill level 6 in Axes
  2652 | D:3      | Reached XP level 6. HP: 56/56 MP: 5/5
  2719 | D:3      | Reached **** piety under Trog
  2870 | D:4      | Reached XP level 7. HP: 61/61 MP: 6/6
  3045 | D:4      | Noticed Natasha
  3046 | D:4      | Killed Natasha
  3061 | D:4      | Noticed Robin
  3070 | D:4      | Killed Robin
  3148 | D:4      | Found a glowing golden altar of the Shining One.
  3202 | D:4      | Noticed Blork the orc
  3214 | D:4      | Killed Blork the orc
  3214 | D:4      | Reached skill level 7 in Axes
  3842 | D:4      | Found a white marble altar of Elyvilon.
  3940 | D:4      | Noticed Grinder
  3946 | D:4      | Killed Grinder
  3946 | D:4      | Reached skill level 5 in Armour
  4023 | D:4      | Noticed Pikel
  4034 | D:4      | Killed Pikel
  4034 | D:4      | Reached skill level 8 in Axes
  4034 | D:4      | Reached skill level 5 in Dodging
  4034 | D:4      | Reached XP level 8. HP: 71/71 MP: 7/7
  4142 | D:5      | Entered Level 5 of the Dungeon
  4215 | D:5      | Found an opulent altar of Gozag.
  4444 | D:5      | Found a blossoming altar of Fedhas.
  4613 | D:5      | Reached skill level 9 in Axes
  4947 | D:5      | Found a snail-covered altar of Cheibriados.
  5169 | D:5      | Noticed a two-headed ogre
  5176 | D:5      | Killed a two-headed ogre
  5624 | D:6      | Reached XP level 9. HP: 77/79 MP: 8/8
  5692 | D:6      | Found a shimmering altar of Xom.
  5776 | D:6      | Reached ***** piety under Trog
  6203 | D:7      | Noticed Natasha
  6205 | D:7      | Killed Natasha
  6308 | D:7      | Reached skill level 10 in Axes
  6323 | D:7      | Found a staircase to the Ecumenical Temple.
  6363 | D:7      | Got a bloodstained scale mail
  6374 | D:7      | Identified the +3 scale mail of Loibi {rC+ MR+ Str+2 Dex+3} (You found it on level 7 of the Dungeon)
  6803 | D:8      | Received a gift from Trog
  6837 | D:8      | Reached skill level 1 in Throwing
  7138 | D:8      | Found Xylef's Jewellery Shoppe.
  7138 | D:8      | Found Puufuo Nawn's Gadget Shop.
  7146 | D:8      | Found Tyissul's Book Emporium.
  7187 | D:8      | Bought an uncursed ring of poison resistance for 240 gold pieces
  7263 | D:8      | Found Furihuri's Antique Armour Boutique.
  7268 | D:8      | Reached skill level 11 in Axes
  7285 | D:8      | Bought a glowing cloak for 130 gold pieces
  7467 | D:8      | Found a glowing golden altar of the Shining One.
  7699 | D:8      | Found Janushuo's General Store.
  7702 | D:8      | Bought a potion of curing for 36 gold pieces
  7761 | D:8      | Found a staircase to the Lair.
  7849 | Lair:1   | Entered Level 1 of the Lair of Beasts
  7908 | Lair:1   | Noticed Joseph
  7925 | Lair:1   | Killed Joseph
  7925 | Lair:1   | Reached XP level 10. HP: 41/88 MP: 9/9
  8868 | Lair:2   | Noticed an elephant
  8869 | Lair:2   | Noticed an elephant
  8869 | Lair:2   | Noticed an elephant
  8871 | Lair:2   | Noticed an elephant
  8879 | Lair:2   | Killed an elephant
  8882 | Lair:2   | Killed an elephant
  8882 | Lair:2   | Reached skill level 12 in Axes
  8885 | Lair:2   | Killed an elephant
  8892 | Lair:2   | Killed an elephant
  9136 | Lair:2   | Noticed a seven-headed hydra
  9163 | Lair:2   | Killed an 11-headed hydra
  9283 | Lair:2   | Slain by a komodo dragon

Vault maps used:
D:1:      dpeg_arrival_rooms_a, nemelex_altar_shiori
D:3:      old_standard_altar, serial_glass, glass_columns_b, glass_columns_a,
          glass_columns_b, glass_columns_b, glass_columns_a, glass_columns_a,
          serial_bayou_pond_e, minmay_joined_circles, uniq_natasha,
          uniq_sigmund, uniq_terence
D:4:      nicolae_tso_carved_into_rock, kennysheep_mini, first_bread,
          uniq_blork_the_orc, uniq_robin, uniq_grinder, uniq_pikel
D:5:      slow_altar_2, nicolae_gozag_seed_capital, overflow_temple_1_default,
          dk_noncrumbling_2
D:6:      basic_altar
D:7:      minmay_temple_entry_hall
D:8:      erik_lair_dragon, basic_altar, serial_shops, shop, nicolae_shop_stone,
          nicolae_shop_trees, shop, shop
Lair:1:   uniq_joseph
Lair:2:   serial_forest, infiniplex_forest_join, infiniplex_forest_straight_4,
          infiniplex_forest_corner_1, infiniplex_forest_side_room,
          infiniplex_forest_straight_3, infiniplex_forest_corner_2,
          infiniplex_forest_straight_2, infiniplex_forest_clump_C,
          kennysheep_snail_temple, lemuel_fruit_tree

Action                   |  1- 3 |  4- 6 |  7- 9 | 10-12 || total
-------------------------+-------+-------+-------+-------++-------
Melee: Hand axe          |    64 |    23 |       |       ||    87
       War axe           |       |    58 |    94 |    65 ||   217
       Scythe            |       |    11 |   172 |       ||   183
       Whip              |       |       |    37 |       ||    37
Invok: Berserk           |       |     3 |     5 |     2 ||    10
       Burn Spellbooks   |       |       |     2 |     1 ||     3
       Brothers in Arms  |       |       |       |     3 ||     3
  Use: Scroll            |     3 |       |     8 |       ||    11
       Potion            |       |       |     1 |       ||     1
  Eat: Chunk             |     1 |     6 |    21 |     6 ||    34
       Beef jerky        |     1 |       |       |       ||     1
       Pizza             |       |       |     1 |       ||     1
       Bread ration      |       |       |       |     1 ||     1
